 Dungeon Crawl Stone Soup version 0.29.1-2-gbd0b4ee654 (webtiles) character file.

Game seed: 2069909689329995782

860 DocClef the Insei (level 8, -4/54 HPs)
             Began as a Gnoll Transmuter on Nov 6, 2022.
             Was a Follower of Hepliaklqana.
             Slain by an orc warrior
             ... wielding a +0 scimitar
              (7 damage)
             ... on level 6 of the Dungeon.
             The game lasted 00:09:06 (5298 turns).

DocClef the Insei (Gnoll Transmuter)                Turns: 5298, Time: 00:09:07

Health: -4/54      AC:  3    Str: 12    XL:     8   Next: 2%
Magic:  14/16      EV: 18    Int: 12    God:    Hepliaklqana [*.....]
Gold:   267        SH:  0    Dex: 13    Spells: 15/18 levels left

rFire   . . .      SeeInvis .     - Unarmed
rCold   . . .      Faith    .   (no shield)
rNeg    . . .      Spirit   .   a - +0 robe
rPois   .          Reflect  .   (helmet currently unavailable)
rElec   .          Harm     .   y - scarf {shadows}
rCorr   .          Rampage  .   r - +0 pair of gloves
Will    .....                   (boots currently unavailable)
Stlth   ++........              (no amulet)
HPRegen 0.18/turn               i - +4 ring of evasion
MPRegen 0.15/turn               (no ring)

@: appendages, wereblooded
A: horns 2, talons 2, reduced essence, fangs 1, strong nose, distributed
training
a: End Transformation, Renounce Religion, Recall Ancestor, Ancestor Identity


You were on level 6 of the Dungeon.
You worshipped Hepliaklqana.
Hepliaklqana was aware of your devotion.
You had temporarily grown beastly horns and talons.
You visited 2 branches of the dungeon, and saw 7 of its levels.

You collected 267 gold pieces.

Inventory:

Armour
 a - a +0 robe (worn)
 r - a +0 pair of gloves (worn)
 u - a +1 ring mail of fire resistance
 y - a scarf of shadows (worn)
Jewellery
 i - a +4 ring of evasion (left hand)
Wands
 t - a wand of digging (4)
 v - a wand of mindburst (15)
Scrolls
 c - a scroll of enchant weapon {unknown}
 d - a scroll of noise {unknown}
 g - a scroll of blinking {unknown}
 h - 7 scrolls of identify {unknown}
 j - 2 scrolls of amnesia {unknown}
 k - 2 scrolls of enchant armour {unknown}
 l - 3 scrolls of immolation {unknown}
 m - 2 scrolls of torment {unknown}
 p - a scroll of teleportation {unknown}
 w - a scroll of silence {unknown}
 x - a scroll of vulnerability {unknown}
Potions
 b - 6 potions of lignification
 e - 3 potions of degeneration {unknown}
 f - 2 potions of berserk rage {unknown}
 n - 3 potions of mutation {unknown}
 o - 2 potions of heal wounds {unknown}
 q - a potion of curing {unknown}
 s - a potion of might
 z - 2 potions of ambrosia {unknown}


   Skills:
 + Level 4.0 Fighting
 + Level 3.0 Short Blades
 + Level 3.0 Long Blades
 + Level 3.0 Axes
 + Level 3.0 Maces & Flails
 + Level 3.0 Polearms
 + Level 3.0 Staves
 + Level 3.0 Ranged Weapons
 + Level 3.0 Throwing
 + Level 3.0 Armour
 + Level 5.5 Dodging
 + Level 3.0 Stealth
 + Level 3.0 Shields
 + Level 7.2 Unarmed Combat
 + Level 5.9 Spellcasting
 + Level 2.4 Conjurations
 + Level 2.4 Hexes
 + Level 2.4 Summonings
 + Level 2.4 Necromancy
 + Level 2.4 Translocations
 + Level 4.5 Transmutations
 + Level 2.4 Fire Magic
 + Level 2.4 Ice Magic
 + Level 2.4 Air Magic
 + Level 2.4 Earth Magic
 + Level 2.4 Poison Magic
 + Level 3.3 Invocations
 + Level 3.0 Evocations


You had 15 spell levels left.
You knew the following spells:

 Your Spells              Type           Power      Damage    Failure   Level
a - Beastly Appendage     Tmut           28%        N/A       2%          1
b - Wereblood             Tmut           14%        N/A       4%          2

Your spell library contained the following spells:

 Spells                   Type           Power      Damage    Failure   Level
 Slow                     Hex            36%        N/A       7%          1
 Passwall                 Tmut/Erth      9%         N/A       7%          2
 Blink                    Tloc           18%        N/A       11%         2
 Ensorcelled Hibernation  Hex/Ice        18%        N/A       11%         2
 Spider Form              Tmut/Pois      11%        N/A       13%         3
 Confusing Touch          Hex            9%         N/A       21%         3
 Lesser Beckoning         Tloc           9%         N/A       21%         3
 Summon Guardian Golem    Hex/Summ       9%         N/A       21%         3
 Swiftness                Air            9%         N/A       21%         3
 Vampiric Draining        Necr           9%         2d6       21%         3
 Ice Form                 Ice/Tmut       11%        N/A       41%         4
 Manifold Assault         Tloc           9%         N/A       88%         5
 Orb of Destruction       Conj           4%         9d5       100%        7
 Spellforged Servitor     Conj/Summ      4%         N/A       100%        7


Dungeon Overview and Level Annotations

Branches:
Dungeon (6/15)             Temple (1/1) D:4

Altars:
Ashenzari
Cheibriados
Elyvilon
Fedhas
Hepliaklqana
Kikubaaqudgha
Nemelex Xobeh
Okawaru
Qazlal
Ru
Trog
Vehumet
Xom
Yredelemnul
Lugonu

Annotations:
D:3 Sigmund


Innate Abilities, Weirdness & Mutations

You have temporarily grown beastly horns and talons.
Your life essence is reduced to manifest your ancestor. (-10% HP)
You have very sharp teeth.
Your uncanny sense of smell can sniff out nearby items.
Your experience applies equally to all skills.


Message History

You bite the orc warrior, but do no damage.
The orc warrior is lightly wounded.
Djefatnebti closely misses the orc warrior.
An orc comes into view. It is wielding a +0 hand axe.
The orc warrior closely misses you.
You completely miss the orc warrior. Your headbutt misses the orc warrior.
Your punch misses the orc warrior. Your bite misses the orc warrior.
The orc warrior is lightly wounded.
Djefatnebti barely misses the orc warrior.
You hit the orc warrior but do no damage.
You claw the orc warrior. Your headbutt misses the orc warrior.
The orc warrior is moderately wounded.
The orc warrior hits you with a +0 scimitar!
Djefatnebti misses the orc warrior.
Casting: Beastly Appendage (safe; 2% risk of failure)
Confirm with . or Enter, or press ? or * to list all spells.
Your blood is infused with primal strength.
The orc warrior hits you with a +0 scimitar!!
Djefatnebti barely misses the orc warrior.
You hit the orc. You claw the orc.
You feel a bit better.
You kill the orc!
The orc hits you with a +0 hand axe. The orc warrior completely misses you.
Djefatnebti closely misses the orc warrior.
You hit the orc. Your kick misses the orc.
The orc is lightly wounded.
The orc misses you.
The orc warrior hits you with a +0 scimitar!
* * * LOW HITPOINT WARNING * * *
You barely miss the orc. You claw the orc. You headbutt the orc.
The orc is severely wounded.
You howl as the wereblood boils in your veins!
Djefatnebti barely misses the orc warrior.
The orc closely misses you.
The orc warrior hits you with a +0 scimitar!
* * * LOW HITPOINT WARNING * * *
You punch the orc!
You feel a bit better.
You kill the orc!
Djefatnebti hits the orc warrior.
The orc warrior hits you with a +0 scimitar!
You die...

#...######.###.######.########
#....#.###.....#####......#
#.....#...###.........###.#
.#....#....#.#######.......
###...#.....#...## #..###..
.#.###.#....#....###..# ..#
..###...#.....#...# ..#...
.###.#.)o.#...###. .. .[ #
###)@R#)...... ..
#.###.#..#### .. ..#...##..#
... #... #..# #. #... .#.. .
#.#.. ..# ..###. ... .. .#


You could see the friendly Djefatnebti the ancestor and an orc warrior (ally
target).

Vanquished Creatures
  A water moccasin (D:5)
  A black bear (D:5)
  Blork the orc (D:5)
  A necrophage (D:6)
  2 scorpions
  A hound (D:5)
  An orc priest (D:4)
  A gnoll bouda (D:4)
  2 iguanas
  An orc wizard (D:4)
  Ijyb (D:3)
  Natasha (D:3)
  5 gnolls
  7 adders
  A white imp (D:5)
  2 ufetubi
  3 worms (D:3)
  A dart slug (D:3)
  9 orcs
  7 endoplasms
  9 goblins
  10 hobgoblins
  6 kobolds
  A quokka (D:4)
  7 ball pythons
  4 bats
  3 frilled lizards (D:1)
  5 rats
94 creatures vanquished.

Vanquished Creatures (others)
  A frilled lizard (D:3)
  4 withered plants (D:3)
5 creatures vanquished.

Grand Total: 99 creatures vanquished

Notes
Turn   | Place    | Note
-------+----------+-------------------------------------------
     0 | D:1      | DocClef the Gnoll Transmuter began the quest for the Orb.
     0 | D:1      | Reached XP level 1. HP: 17/17 MP: 6/6
   454 | D:1      | Reached XP level 2. HP: 2/23 MP: 5/7
  1146 | D:2      | Reached skill level 5 in Spellcasting
  1146 | D:2      | Reached XP level 3. HP: 28/28 MP: 6/9
  1231 | D:2      | Reached skill level 1 in Invocations
  1590 | D:2      | Reached skill level 1 in Short Blades
  1590 | D:2      | Reached skill level 1 in Long Blades
  1590 | D:2      | Reached skill level 1 in Axes
  1590 | D:2      | Reached skill level 1 in Maces & Flails
  1590 | D:2      | Reached skill level 1 in Polearms
  1590 | D:2      | Reached skill level 1 in Staves
  1590 | D:2      | Reached skill level 1 in Ranged Weapons
  1590 | D:2      | Reached skill level 1 in Throwing
  1590 | D:2      | Reached skill level 1 in Armour
  1590 | D:2      | Reached skill level 1 in Stealth
  1590 | D:2      | Reached skill level 1 in Shields
  1590 | D:2      | Reached skill level 1 in Evocations
  1828 | D:2      | Reached XP level 4. HP: 31/34 MP: 9/11
  2144 | D:3      | Found an ancient bone altar of Kikubaaqudgha.
  2215 | D:3      | Noticed Natasha
  2219 | D:3      | Killed Natasha
  2220 | D:3      | Reached skill level 1 in Conjurations
  2220 | D:3      | Reached skill level 1 in Hexes
  2220 | D:3      | Reached skill level 1 in Summonings
  2220 | D:3      | Reached skill level 1 in Necromancy
  2220 | D:3      | Reached skill level 1 in Translocations
  2220 | D:3      | Reached skill level 1 in Fire Magic
  2220 | D:3      | Reached skill level 1 in Ice Magic
  2220 | D:3      | Reached skill level 1 in Air Magic
  2220 | D:3      | Reached skill level 1 in Earth Magic
  2220 | D:3      | Reached skill level 1 in Poison Magic
  2258 | D:3      | Found a shimmering altar of Xom.
  2285 | D:3      | Reached XP level 5. HP: 37/40 MP: 12/12
  2780 | D:3      | Noticed Ijyb
  2800 | D:3      | Killed Ijyb
  3019 | D:3      | Noticed Sigmund
  3140 | D:4      | Found a blossoming altar of Fedhas.
  3343 | D:4      | Reached XP level 6. HP: 47/47 MP: 14/14
  3345 | D:4      | Reached skill level 5 in Dodging
  3360 | D:4      | Found a staircase to the Ecumenical Temple.
  3611 | Temple   | Entered the Ecumenical Temple
  3658 | Temple   | Became a worshipper of Hepliaklqana the Forgotten
  3800 | D:4      | Found a sacrificial altar of Ru.
  3800 | D:4      | Found a bloodstained altar of Trog.
  4016 | D:5      | Entered Level 5 of the Dungeon
  4016 | D:5      | Noticed Blork the orc
  4025 | D:5      | Killed Blork the orc
  4026 | D:5      | Reached skill level 7 in Unarmed Combat
  4026 | D:5      | Reached XP level 7. HP: 52/52 MP: 13/15
  4927 | D:6      | Learned a level 2 spell: Wereblood
  5092 | D:6      | Reached * piety under Hepliaklqana
  5098 | D:6      | Reached XP level 8. HP: 31/54 MP: 14/16
  5297 | D:6      | HP: 2/54 [orc warrior/+0 scimitar (10)]
  5298 | D:6      | Slain by an orc warrior

Illustrated notes

Levels and vault maps discovered:
D:1:      minmay_arrival_shattered_statue, layout_loops_cross
D:2:      layout_loops_cross
D:3:      layout_loops_cross, kiku_gazebo_garden_becter, xom_confusion_cloud,
          minmay_lizard_king, uniq_sigmund, uniq_natasha, uniq_ijyb
D:4:      layout_basic, mainiacjoe_overflow_surrounded_room,
          gammafunk_temple_overflow_statue, minmay_temple_entry_ruins,
          due_unseen_surprise
D:5:      layout_basic, minmay_misc_feat_encased, uniq_blork_the_orc
D:6:      nicolae_BIG_FREAKIN_CUBE, layout_basic, lemuel_coloured_pillars_altar
Temple:   corrupted_temple

Skill      XL: |  1  2  3  4  5  6  7 |
---------------+----------------------+-----
Spellcasting   | 5 |  5.9
Invocations    | 1 2 3 |  3.3
Short Blades   | 1 2 3 |  3.0
Long Blades    | 1 2 3 |  3.0
Axes           | 1 2 3 |  3.0
Maces & Flails | 1 2 3 |  3.0
Polearms       | 1 2 3 |  3.0
Staves         | 1 2 3 |  3.0
Ranged Weapons | 1 2 3 |  3.0
Throwing       | 1 2 3 |  3.0
Armour         | 1 2 3 |  3.0
Stealth        | 1 2 3 |  3.0
Shields        | 1 2 3 |  3.0
Evocations     | 1 2 3 |  3.0
Conjurations   | 1 2 |  2.4
Hexes          | 1 2 |  2.4
Summonings     | 1 2 |  2.4
Necromancy     | 1 2 |  2.4
Translocations | 1 2 |  2.4
Fire Magic     | 1 2 |  2.4
Ice Magic      | 1 2 |  2.4
Air Magic      | 1 2 |  2.4
Earth Magic    | 1 2 |  2.4
Poison Magic   | 1 2 |  2.4
Fighting       | 3 4 |  4.0
Transmutations | 4 |  4.5
Dodging        | 5 |  5.5
Unarmed Combat | 7 |  7.2

Action                   |  1- 3 |  4- 6 |  7- 9 || total
-------------------------+-------+-------+-------++-------
Melee: Unarmed           |    54 |   142 |    57 ||   253
       Kick              |     6 |    31 |    21 ||    58
       Bite              |     2 |     8 |     4 ||    14
       Headbutt          |     6 |    23 |     8 ||    37
       Punch             |     1 |     6 |     7 ||    14
 Cast: Beastly Appendage |    18 |    25 |     9 ||    52
       Wereblood         |       |       |     2 ||     2
 Stab: Sleeping          |       |     1 |     1 ||     2
Armor: Robe              |    10 |     8 |     5 ||    23
Dodge: Dodged            |    51 |    94 |    40 ||   185
